AoeStats
← 一剑扫秋风nelson

Nomad

504454533Analyzed
4v4 RM · 27d ago on Sep 5, 2026· 27m 35s· 8 players
Game mode
Random Map
Map size
231×231
Population
200
Speed
Normal
Resources
Standard
Victory
Conquest
Starting age
Dark Age
Ending age
Imperial Age
RankedLock teamsTeams togetherTeam positionsShared explorationLock speedFull tech treeHidden civsTurbo modeCheats
Victory
Defeat
🇨🇳 Tatars · China
1858
+12
🇻🇳 Maya · Vietnam
1858
+12
🇻🇳 Bulgarians · Vietnam
1768
+15
🇨🇳 Georgians · China
1717
+17
🇩🇪 Ethiopians · Germany
1856
-18
🇨🇿 Hindustanis · Czechia
1814
-16
🇬🇧 Mapuche · United Kingdom
1696
-12
🇪🇸 Berbers · Spain
1648
-10
chuoi
8:09 Loom
13:24 Feudal Age
13:57 Town Watch
17:05 Castle Age
16:33 Forging
16:18 Double-Bit Axe
24:31 Fervor
25:09 Horse Collar
一剑扫秋风nelson
4:50 Loom
21:12 Feudal Age
22:00 Town Watch
22:04 Double-Bit Axe
iLikeToWin
4:15 Loom
14:21 Feudal Age
15:40 Double-Bit Axe
17:59 Castle Age
16:05 Fishing Lines
16:21 Gold Mining
17:06 Forging
17:41 Town Watch
18:55 Wheelbarrow
19:13 Bow Saw
19:27 Medium Warships
19:14 Gillnets
20:29 Iron Casting
20:08 Demolition Ship
22:03 Hand Cart
23:17 Stone Mining
25:49 Clinker Construction
25:47 Horse Collar
26:53 Heavy Plow
十大地方
13:22 Feudal Age
12:39 Loom
13:59 Double-Bit Axe
15:49 Gold Mining
15:53 Horse Collar
18:59 Castle Age
18:34 Scale Mail Armor
18:41 Scale Barding Armor
19:21 Forging
19:14 Light Cavalry
20:56 Bow Saw
25:57 Chain Barding Armor
25:41 Husbandry
26:49 Bloodlines
(PNG)Ludovicum95
10:38 Loom
24:14 Feudal Age
Velky kanec
4:32 Loom
12:51 Feudal Age
16:34 Castle Age
15:21 Double-Bit Axe
20:06 Fishing Lines
22:50 Gillnets
25:33 Fletching
Torpedo
5:23 Loom
14:15 Feudal Age
17:48 Castle Age
15:55 Double-Bit Axe
20:16 Fletching
Jan Itor
9:57 Loom
13:47 Feudal Age
17:19 Castle Age
16:07 Double-Bit Axe
18:13 Medium Warships
18:27 Forging
19:48 Bow Saw
20:55 Iron Casting
21:42 Fishing Lines
22:59 Fletching
25:08 Horse Collar
25:55 Heavy Plow
26:27 Town Watch
27:19 Wheelbarrow
Connection lost

Rejoining the realm…

Still unreachable

The connection could not be restored.

Session expired

The server has moved on; the page needs a fresh start.